 Dungeon Crawl Stone Soup version 0.21-a0-278-ga722497 (webtiles) character file.

6703 4thArraOfDagon the Cleaver (level 11, -5/66 HPs)
             Began as a Tengu Berserker on Sept 21, 2017.
             Was a Priest of Trog.
             Killed from afar by an electric eel (13 damage)
             ... with a bolt of electricity
             ... on level 9 of the Dungeon.
             The game lasted 00:16:11 (3307 turns).

4thArraOfDagon the Cleaver (Tengu Berserker)        Turns: 3307, Time: 00:16:12

Health: -5/66      AC:  4    Str: 17    XL:     11   Next: 3%
Magic:  12/12      EV: 16    Int: 12    God:    Trog [***...]
Gold:   453        SH:  0    Dex: 13    Spells: 10/10 levels left

rFire    + . .     SeeInvis .   B - +11 long sword of Devotion {freeze, *Rage +Rage rF+ rC+ rN+}
rCold    + . .     Gourm    .   (no shield)
rNeg     + . .     Faith    .   H - +1 robe of the Wheelwright {Regen+}
rPois    .         Spirit   .   (helmet restricted)
rElec    .         Reflect  .   w - +0 cloak (curse)
rCorr    .         Harm     .   (no gloves)
MR       ++...     Rnd*Rage +   (boots unavailable)
Stlth    +.........             (no amulet)
HPRegen  1.61/turn              (no ring)
MPRegen  0.13/turn              (no ring)

@: regenerating
A: beak, talons 3, able to fly 1
a: Fly, Berserk, Trog's Hand, Burn Spellbooks, Renounce Religion, Evoke Berserk
Rage


You were on level 9 of the Dungeon.
You worshipped Trog.
Trog was most pleased with you.
You were hungry.

You visited 1 branch of the dungeon, and saw 9 of its levels.

You collected 453 gold pieces.

Inventory:

Hand Weapons
 a - a +0 hand axe
 s - a +0 war axe of chopping
 B - the +11 long sword of Devotion (weapon) {freeze, *Rage +Rage rF+ rC+ rN+}
   (You took it off an orc on level 5 of the Dungeon)

   It has been specially enchanted to freeze those struck by it, causing extra
   injury to most foes and up to half again as much damage against particularly
   susceptible opponents.
   It can also slow down cold-blooded creatures.
   It protects you from fire.
   It protects you from cold.
   It protects you from negative energy.
   It lets you go berserk.
   It may make you go berserk in combat.
Missiles
 I - 5 poisoned javelins (quivered)
Armour
 f - a +0 ring mail
 w - a cursed +0 cloak (worn)
 z - a +0 helmet
 H - the +1 robe of the Wheelwright (worn) {Regen+}
   (You found it on level 9 of the Dungeon)

   It increases your rate of regeneration.
Wands
 t - a wand of iceblast (5/15)
 u - a wand of random effects (12/48)
 y - a wand of disintegration (8/24)
 E - a wand of confusion (35/48)
Scrolls
 b - 2 scrolls of magic mapping {unknown}
 e - 2 scrolls of noise {unknown}
 h - 3 scrolls of teleportation {unknown}
 i - a scroll of random uselessness {unknown}
 m - a scroll of blinking {unknown}
 o - 2 scrolls of fear {unknown}
 p - 7 scrolls of identify
 r - a scroll of amnesia {unknown}
 C - 2 scrolls of enchant weapon {unknown}
 G - a scroll of fog {unknown}
Potions
 d - 3 potions of might
 j - 3 potions of heal wounds {unknown}
 k - a potion of cancellation {unknown}
 l - 2 potions of curing
 n - a potion of magic {unknown}
 q - 2 potions of haste {unknown}
 v - a potion of flight {unknown}
 x - 3 potions of lignification {unknown}
Comestibles
 c - 4 bread rations
 g - 3 royal jellies
 A - 3 meat rations
 F - 6 fruits


   Skills:
 + Level 6.7 Fighting
 * Level 9.2 Long Blades
 - Level 11.2 Axes
 + Level 6.7 Armour
 + Level 6.7 Dodging


You had 10 spell levels left.
You didn't know any spells.

Dungeon Overview and Level Annotations

Branches:
Dungeon (9/15)             Temple (0/1) D:4             Orc (0/2) D:9
   Lair: D:8-11

Altars:
Cheibriados
Dithmenos
Gozag
Kikubaaqudgha
Nemelex Xobeh
Qazlal
Sif Muna
Uskayaw
Vehumet
Wu Jian
Xom
The Shining One

Shops:
D:7 (


Innate Abilities, Weirdness & Mutations

You have a beak for a mouth.
You have claws for feet.
You can fly.


Message History

The bolt of electricity hits you!
* * * LOW HITPOINT WARNING * * *
You hear a howl!
Unknown command.
Unknown command.
Unknown command.
Evoke which item? (* to show all) (? for menu, Esc to quit)
Aiming: Iceblast
Press: ? - help, Shift-Dir - straight line, p - electric eel The mass of ice explodes!
The iceblast engulfs the hornet.
The hornet is moderately wounded.
The iceblast engulfs the two-headed ogre.
The two-headed ogre is moderately wounded.
The iceblast engulfs the electric eel.
The electric eel is severely wounded.
This wand has 5 charges left.
You hear a shout!
The electric eel shoots out a bolt of lightning at you!
The bolt of electricity hits you!
You die...

.# #...#..# .# .#
...#..########.. .#
#'##...........
.####.#...##.##.#..
.#.........._...#.#
......†....#.#..#.# ≈
.#..............#.# O≈≈
.######...##.[..†.#...)≈
.# #...†..<#.@†..y;≈≈ .#
#...####.####..≈≈; .#
###.)†###### ≈≈≈≈ ##
#.......# ≈≈≈ #.##.##y#
≈O ...#.....y.# ≈ ##.
#..##.#.# # #.##......
### ... ... ..#


You could see a two-headed ogre, a hornet and 2 electric eels.

Vanquished Creatures
  The ghost of vishdafish the Grappler, a novice TrFi of Nemelex Xobeh (D:9)
  The ghost of Syneil the Basher, a novice OgBe of Trog (D:8)
  Pikel (D:4)
  A cyclops (D:8)
  The ghost of vishdafish the Skirmisher, an amateur DsFi (D:4)
  Prince Ribbit (D:9)
  3 hippogriffs
  A wyvern (D:9)
  Grum (D:8)
  A steam dragon (D:8)
  Duvessa (D:7)
  2 orc warriors
  3 slaves (D:4)
  A necrophage (D:5)
  An ice beast (D:5)
  A black bear (D:9)
  2 phantoms (D:5)
  6 wolves
  An ogre (D:8)
  A gnoll sergeant (D:9)
  4 bullfrogs
  Dowan (D:7)
  13 killer bees (D:9)
  4 wights (D:6)
  An electric eel (D:9)
  2 crimson imps
  A centaur zombie (D:7)
  A bullfrog zombie (D:6)
  A jelly (D:5)
  2 hounds (D:9)
  Crazy Yiuf (D:5)
  5 orc priests
  5 orc wizards
  A bullfrog skeleton (D:7)
  Ijyb (D:5)
  2 worker ants
  A statue (D:8)
  A killer bee zombie (D:5)
  8 adders
  5 shadow imps
  An ooze (D:2)
  An adder zombie (D:7)
  2 worms (D:2)
  2 leopard geckos
  22 orcs
  2 bats (D:2)
  4 giant cockroaches
  5 goblins
  6 hobgoblins
  7 jackals
  2 quokkas
  A kobold (D:1)
  A quokka skeleton (D:6)
  6 rats
  2 fungi (D:2)
155 creatures vanquished.

Notes
Turn   | Place    | Note
-------+----------+-------------------------------------------
     0 | D:1      | 4thArraOfDagon the Tengu Berserker began the quest for the Orb.
     0 | D:1      | Reached XP level 1. HP: 14/14 MP: 2/2
   147 | D:2      | Reached XP level 2. HP: 19/19 MP: 3/3
   165 | D:2      | Reached skill level 4 in Axes
   453 | D:2      | Reached XP level 3. HP: 19/23 MP: 4/4
   679 | D:3      | Reached ** piety under Trog
   679 | D:3      | Reached skill level 5 in Axes
   726 | D:3      | Reached XP level 4. HP: 28/28 MP: 5/5
   768 | D:4      | Noticed vishdafish's ghost (amateur DsFi)
   775 | D:4      | Killed vishdafish's ghost
   775 | D:4      | Reached skill level 7 in Axes
   775 | D:4      | Gained mutation: You can fly. [Tengu growth]
   775 | D:4      | Reached XP level 5. HP: 32/32 MP: 6/6
   775 | D:4      | Reached XP level 6. HP: 37/37 MP: 7/7
   800 | D:4      | Found a staircase to the Ecumenical Temple.
   833 | D:4      | Noticed a slave
   834 | D:4      | Thaneod: winogron od babki jest
   838 | D:4      | Noticed a slave
   839 | D:4      | Noticed a slave
   883 | D:4      | Killed a slave
   887 | D:4      | Killed a slave
   892 | D:4      | Killed a slave
   947 | D:4      | Noticed a slave
   948 | D:4      | Noticed Pikel
   951 | D:4      | 4thArraOfDagon: zabije pikela
   956 | D:4      | Killed Pikel
   956 | D:4      | Reached skill level 9 in Axes
   956 | D:4      | Reached XP level 7. HP: 41/41 MP: 8/8
  1023 | D:4      | Found an opulent altar of Gozag.
  1024 | D:4      | Found a sparkling altar of Nemelex Xobeh.
  1059 | D:5      | Entered Level 5 of the Dungeon
  1083 | D:5      | Noticed Ijyb
  1090 | D:5      | Killed Ijyb
  1127 | D:5      | Reached skill level 10 in Axes
  1127 | D:5      | Reached XP level 8. HP: 27/46 MP: 9/9
  1155 | D:5      | Found a runed door.
  1159 | D:5      | Noticed Crazy Yiuf
  1161 | D:5      | Killed Crazy Yiuf
  1238 | D:5      | Found a shimmering altar of Xom.
  1480 | D:5      | Reached skill level 11 in Axes
  1487 | D:5      | Got a dazzling long sword {freeze}
  1488 | D:5      | Identified the +11 long sword of Devotion {freeze, *Rage +Rage rF+ rC+ rN+} (You took it off an orc on level 5 of the Dungeon)
  1489 | D:5      | 4thArraOfDagon: o
  1543 | D:6      | Reached skill level 1 in Long Blades
  1719 | D:6      | Thaneod: moje duszki sa latwe do zabicia
  1738 | D:6      | Thaneod: nie to co czarodzieje:)
  1774 | D:6      | Found a stormy altar of Qazlal.
  1821 | D:7      | Reached XP level 9. HP: 51/51 MP: 10/10
  1925 | D:7      | Noticed Duvessa
  1936 | D:7      | Killed Duvessa
  1963 | D:7      | Found Nexieq's Antique Weapon Shop.
  1965 | D:7      | Reached *** piety under Trog
  2032 | D:7      | Noticed Dowan
  2038 | D:7      | Killed Dowan
  2276 | D:7      | Found a deep blue altar of Sif Muna.
  2305 | D:8      | Noticed Syneil's ghost (novice OgBe)
  2305 | D:8      | 4thArraOfDagon: fajny mieczyk?
  2305 | D:8      | 4thArraOfDagon: :)
  2313 | D:8      | Killed Syneil's ghost
  2313 | D:8      | Reached skill level 5 in Long Blades
  2357 | D:8      | Noticed a cyclops
  2375 | D:8      | Reached skill level 5 in Fighting
  2404 | D:8      | Thaneod: ech
  2448 | D:8      | Reached skill level 5 in Dodging
  2455 | D:8      | Found a radiant altar of Vehumet.
  2466 | D:8      | Reached skill level 5 in Armour
  2471 | D:8      | Thaneod: mozesz byc TSO i miec berserka
  2490 | D:8      | Noticed a dagger
  2491 | D:8      | Noticed a hand axe
  2493 | D:8      | Found a hide-covered altar of Uskayaw.
  2519 | D:8      | Found a shimmering altar of Xom.
  2531 | D:8      | Reached XP level 10. HP: 57/59 MP: 11/11
  2554 | D:8      | Noticed Grum
  2566 | D:8      | Killed Grum
  2630 | D:8      | Thaneod: gdzie go znalazles?
  2634 | D:8      | Thaneod: trove?
  2658 | D:8      | Killed a cyclops
  2729 | D:8      | Found a snail-covered altar of Cheibriados.
  2809 | D:8      | Found an ancient bone altar of Kikubaaqudgha.
  2859 | D:9      | Found an ornate altar of the Wu Jian Council.
  2866 | D:9      | Noticed a two-headed ogre
  2942 | D:9      | Got a silken robe
  2971 | D:9      | Identified the +1 robe of the Wheelwright {Regen+} (You found it on level 9 of the Dungeon)
  3029 | D:9      | Found a staircase to the Orcish Mines.
  3085 | D:9      | Noticed vishdafish's ghost (novice TrFi)
  3117 | D:9      | Killed vishdafish's ghost
  3117 | D:9      | Received a gift from Trog
  3189 | D:9      | Found a glowing golden altar of the Shining One.
  3224 | D:9      | Found a shadowy altar of Dithmenos.
  3279 | D:9      | Noticed Prince Ribbit
  3287 | D:9      | Killed Prince Ribbit
  3287 | D:9      | Reached XP level 11. HP: 40/66 MP: 12/12
  3307 | D:9      | Killed from afar by an electric eel

Vault maps used:
D:1:      dpeg_arrival_lava_temple_mockup
D:2:      hex_intersection, minmay_gold_behind_fungi, minivault_11,
          grunt_decor_fettered, corexii_item_surrounded_by_moat,
          minmay_misc_feat_pillars
D:3:      first_bread, serial_park_tiny_1, nicolae_ru_sacrificial_ziggurat
D:4:      grunt_temple_overflow_opulence, minmay_temple_entry_glass,
          feat_on_display, uniq_pikel
D:5:      basic_altar, ashenzari_altar_1, uniq_crazy_yiuf_cottage, uniq_ijyb
D:6:      grunt_qazlal_sundering, grunt_decor_cap, dk_noncrumbling_4,
          uniq_sigmund
D:7:      led_sif_book, serial_shops, nicolae_shop_stone, uniq_duvessa
D:8:      dancing_weapons_uskayaw, kennysheep_mini_moat, vehumet_statue,
          lemuel_doored_altar, kennysheep_little_box, uniq_grum
D:9:      lemuel_crystal_altar, marbit_many_paths, grunt_dithmenos_shadows,
          erik_lair_island, uniq_prince_ribbit1

Skill      XL: |  1  2  3  4  5  6  7  8  9 10 |
---------------+-------------------------------+-----
Axes           | 4 5 7 9 10 11 | 11.2
Long Blades    | 3 6 9 |  9.2
Armour         | 3 5 6 |  6.7
Dodging        | 3 5 6 |  6.7
Fighting       | 5 6 |  6.7

Action                   |  1- 3 |  4- 6 |  7- 9 | 10-12 || total
-------------------------+-------+-------+-------+-------++-------
Melee: Hand axe          |    68 |    17 |       |       ||    85
       Peck              |    11 |     6 |    19 |    13 ||    49
       Kick              |    18 |    11 |    39 |    25 ||    93
       War axe           |       |    17 |    41 |       ||    58
       Long sword        |       |       |    95 |   101 ||   196
Invok: Berserk           |     4 |     4 |    11 |     3 ||    22
       Trog's Hand       |       |     2 |     4 |     9 ||    15
Evoke: Wand              |       |       |       |     3 ||     3
  Use: Potion            |       |       |       |     2 ||     2
       Scroll            |       |       |       |     1 ||     1
  Eat: Chunk             |     2 |     5 |    14 |     8 ||    29
       Fruit             |       |       |     3 |     1 ||     4
Armor: Ring mail         |    21 |     8 |    52 |     4 ||    85
       Robe              |       |       |       |     5 ||     5
Dodge: Dodged            |    49 |    26 |    99 |    75 ||   249
       Rpst.: Long sword |       |       |    31 |    18 ||    49

Table legend:
 A = Spawn XP
 B = Non-spawn XP
 C = Spawn XP percentage of total XP
 D = Spawn monster count
 E = Non-spawn monster count
 F = Spawn count percentage of total count
 G = Total turns spent on level
                    A         B        C        D         E        F      G
               +---------+---------+-------+---------+---------+-------+---------
         Total |       0 |    9576 |   0.0 |       0 |     150 |   0.0 |  3307
               +---------+---------+-------+---------+---------+-------+---------
           D:1 |       0 |       3 |   0.0 |       0 |       2 |   0.0 |    70
           D:2 |       0 |      55 |   0.0 |       0 |      19 |   0.0 |   541
           D:3 |       0 |      36 |   0.0 |       0 |       8 |   0.0 |   157
           D:4 |       0 |    1003 |   0.0 |       0 |      11 |   0.0 |   364
           D:5 |       0 |     770 |   0.0 |       0 |      16 |   0.0 |   481
           D:6 |       0 |     469 |   0.0 |       0 |      16 |   0.0 |   275
           D:7 |       0 |     900 |   0.0 |       0 |      31 |   0.0 |   417
           D:8 |       0 |    3108 |   0.0 |       0 |      17 |   0.0 |   601
           D:9 |       0 |    3232 |   0.0 |       0 |      30 |   0.0 |   401
               +---------+---------+-------+---------+---------+-------+---------
